 Dungeon Sprint DCSS version 0.13-a0-2484-gc765b08 (webtiles) character file.

393 Rycklaryybbe the Unseen (level 5, -3/25 HPs)
             Began as a Spriggan Assassin on July 20, 2013.
             Splashed by a jelly's acid (4 damage)
             ... in the Dungeon (Sprint I: "Red Sonja").
             The game lasted 00:01:22 (138 turns).

Rycklaryybbe the Unseen (Spriggan Assassin)          Turns: 138, Time: 00:01:22

HP  -3/25        AC  2     Str  7      XL: 5   Next: 22%
MP   9/9         EV 17     Int 12      God:
Gold 227         SH  0     Dex 19      Spells:  0 memorised,  4 levels left

Res.Fire  : . . .   See Invis. : +   a - +2,-2 dagger {=f}
Res.Cold  : . . .   Warding    : .   c - +0 robe
Life Prot.: . . .   Conserve   : .   (shield restricted)
Res.Poison: .       Res.Corr.  : .   (helmet restricted)
Res.Elec. : .       Clarity    : .   d - -1 cloak
Sust.Abil.: . .     Spirit.Shd : .   (gloves unavailable)
Res.Mut.  : .       Prev.Telep.: +   (boots unavailable)
Res.Rott. : .       Flight     : .   (no amulet)
Saprovore : . . .                    (no ring)
                                     (no ring)

@: very quick, somewhat resistant to hostile enchantments, extraordinarily
stealthy
A: unfitting armour, see invisible, herbivore 3, speed 3, slow metabolism 2
a: no special abilities


You were in the Dungeon.
You were not hungry.

You visited 1 branch You collected 177 gold pieces.

Inventory:

Hand weapons
 a - a +2,-2 dagger (weapon) {=f}
 b - a +0 blowgun
Missiles
 e - 7 poisoned needles
 f - 2 curare-tipped needles
Armour
 c - a +0 robe (worn)
 d - a -1 cloak (worn)
 l - a +0 robe
Scrolls
 m - a scroll of blinking
Potions
 g - a potion of porridge
 h - 2 potions of curing
 i - a potion of heal wounds
 j - a potion of speed
 k - 2 potions of magic


   Skills:
 - Level 1.5 Fighting
 - Level 2.1 Short Blades
 - Level 2.1 Throwing
 - Level 1.5 Dodging
 + Level 16.2 Stealth


You had 4 spell levels left.
You didn't know any spells.

Dungeon Overview and Level Annotations

Branches:
Dungeon (1/1)

Altars:
Cheibriados
Yredelemnul


Innate Abilities, Weirdness & Mutations

You are tiny and cannot use many weapons and most armour.
You have supernaturally acute eyesight.
You are a herbivore.
You cover ground extremely quickly.
You need consume almost no food.


Message History

You hit the jelly but do no damage.
The acid corrodes your +2,+1 dagger {=f}!
The jelly is lightly wounded.
The jelly misses you.
You see here a giant club.
You hit the jelly.
The acid corrodes your +2,+0 dagger {=f}!
The jelly is lightly wounded.
There is an open door here.
You hit the jelly.
The acid corrodes your +2,-1 dagger {=f}!
The jelly is lightly wounded.
You hear a slurping noise.
The jelly hits you.
You are splashed with acid!
The acid burns!
You hit the jelly but do no damage. The jelly hits you but does no damage.
You hit the jelly but do no damage. The jelly completely misses you.
You hit the jelly but do no damage. The jelly hits you!
* * * LOW HITPOINT WARNING * * *
You are splashed with acid!
The acid burns!
You die...

################
#<<#..'..#J@'..#
#<.'..#..'..#..+
#..#####'#####'#
#..# #..# #.#
#..# #### ##.#
#..# #..+ #⌠⌠#
+..._# ####
#_.#+# ##+


You could see a jelly.

Vanquished Creatures
  An ogre (D)
  Sigmund (D)
  Ijyb (D)
3 creatures vanquished.

Notes
Turn   | Place    | Note
--------------------------------------------------------------
     0 | D        | Rycklaryybbe, the Spriggan Assassin, began the quest for the Orb.
     0 | D        | Reached XP level 1. HP: 10/10 MP: 1/1
     2 | D        | Noticed Ijyb
     7 | D        | Killed Ijyb
     7 | D        | Reached skill level 9 in Stealth
     7 | D        | Reached XP level 2. HP: 11/14 MP: 3/3
     9 | D        | Noticed an ogre
    12 | D        | Killed an ogre
    12 | D        | Reached skill level 14 in Stealth
    12 | D        | Reached XP level 3. HP: 14/18 MP: 5/5
    12 | D        | Reached XP level 4. HP: 17/22 MP: 7/7
    21 | D        | Noticed Sigmund
    28 | D        | Killed Sigmund
    28 | D        | Reached skill level 16 in Stealth
    28 | D        | Reached XP level 5. HP: 25/25 MP: 9/9
    77 | D        | Found a basalt altar of Yredelemnul.
    79 | D        | Found a snail-covered altar of Cheibriados.
   138 | D        | HP: 1/25 [jelly (8)]
   138 | D        | Splashed by a jelly's acid

Action                   |  1- 3 |  4- 6 || total
-------------------------+-------+-------++-------
Melee: Dagger            |     5 |    17 ||    22
 Fire: Blowgun           |       |     1 ||     1
  Use: Potion            |       |     1 ||     1
 Stab: Sleeping          |     2 |       ||     2
